 Dungeon Crawl Stone Soup version 0.21-a0-110-g8e1637b (webtiles) character file.

359 Gorglomux the Skirmisher (level 6, 0/57 HPs)
             Began as a Hill Orc Artificer on July 10, 2017.
             Slain by an orc
             ... wielding a +0 morningstar
              (7 damage)
             ... on level 4 of the Dungeon.
             The game lasted 00:09:05 (4456 turns).

Gorglomux the Skirmisher (Hill Orc Artificer)       Turns: 4456, Time: 00:09:07

Health: 0/57       AC:  9    Str: 17    XL:     6   Next: 65%
Magic:  8/8        EV:  7    Int: 11    God:
Gold:   134        SH:  0    Dex: 15    Spells: 5/5 levels left

rFire    + . .     SeeInvis .   a - +0 short sword
rCold    . . .     Gourm    .   (no shield)
rNeg     . . .     Faith    .   V - +0 chain mail
rPois    .         Spirit   .   (no helmet)
rElec    .         Reflect  .   (no cloak)
rCorr    .         Harm     .   (no gloves)
MR       .....                  (no boots)
Stlth    ..........             (no amulet)
HPRegen  0.19/turn              I - +4 ring of dexterity
MPRegen  0.11/turn              f - ring of protection from fire

@: no status effects
A: no striking features
a: no special abilities


You were on level 4 of the Dungeon.
You were hungry.

You visited 1 branch of the dungeon, and saw 4 of its levels.

You collected 134 gold pieces.

Inventory:

Hand Weapons
 a - a +0 short sword (weapon)
Missiles
 H - 123 stones (quivered)
 P - 4 tomahawks
Armour
 V - a +0 chain mail (worn)
Jewellery
 f - a ring of protection from fire (right hand)
 I - a +4 ring of dexterity (left hand)
Wands
 c - a wand of flame (6/48)
 e - a wand of random effects (9/48)
 E - a wand of enslavement (8/24)
 O - a wand of clouds (2/9)
 Z - a wand of flame (35/48)
Scrolls
 K - 3 scrolls of enchant weapon {unknown}
 M - 3 scrolls of teleportation {unknown}
 N - 7 scrolls of identify {unknown}
 R - a scroll of blinking {unknown}
 W - 3 scrolls of remove curse {unknown}
 X - a scroll of enchant armour {unknown}
Potions
 J - a potion of agility {unknown}
 L - 2 potions of cancellation {unknown}
 S - a potion of magic {unknown}
 U - a potion of haste {unknown}
 Y - a potion of flight {unknown}
Comestibles
 z - 2 meat rations
 Q - 2 royal jellies
 T - 5 bread rations


   Skills:
 + Level 5.7 Fighting
 - Level 1.0 Short Blades
 + Level 4.7 Armour
 - Level 1.5 Dodging
 - Level 0.7 Stealth
 - Level 3.0 Evocations


You had 5 spell levels left.
You didn't know any spells.

Dungeon Overview and Level Annotations

Branches:
Dungeon (4/15)
 Temple: D:4-7

Altars:
The Shining One

Annotations:
D:4 sagitran's ghost, amateur DsAK


Message History

The adder is heavily wounded.
The adder bites you but does no damage.
You hit the adder but do no damage.
The adder is heavily wounded.
The orc hits you with a morningstar.
* * * LOW HITPOINT WARNING * * *
The adder bites you.
* * * LOW HITPOINT WARNING * * *
You barely miss the adder.
The adder is heavily wounded.
The adder bites you but does no damage. The orc hits you with a morningstar!
* * * LOW HITPOINT WARNING * * *
The adder barely misses you.
Evoke which item? (* to show all) (? for menu, Esc to quit)
Aiming: Enslavement
Press: ? - help, Shift-Dir - straight line, f - adder
Aim: an adder (heavily wounded, chance to defeat MR: 63%)
The adder is charmed.
This wand has 8 charges left.
The orc hits you with a morningstar!
You die...

##...# ########† '....
..o..o.. #...# ..#####.
#...# #. ### #...# #.
....#...# #. ....#...###
#. .......So.# #.
........@.# #.
.[........# ..........#
.[........# ..........#
..........##### ##
.............[# #.
..............########.#.
#####..................#.


You could see an orc and a friendly adder.

Vanquished Creatures
  An ice beast (D:4)
  3 electric eels (D:3)
  A hound skeleton (D:4)
  4 adders
  4 worms
  3 dart slugs
  3 leopard geckos
  6 orcs (D:4)
  A ball python (D:1)
  5 giant cockroaches
  13 hobgoblins
  6 jackals
  7 kobolds
  2 quokkas
  10 bats
  2 frilled lizards
  5 goblins
  5 rats
81 creatures vanquished.

Vanquished Creatures (collateral kills)
  An orc (D:4)
  A jackal (D:1)
2 creatures vanquished.

Vanquished Creatures (others)
  An orc wizard (D:4)
1 creature vanquished.

Grand Total: 84 creatures vanquished

Notes
Turn   | Place    | Note
-------+----------+-------------------------------------------
     0 | D:1      | Gorglomux the Hill Orc Artificer began the quest for the Orb.
     0 | D:1      | Reached XP level 1. HP: 16/16 MP: 3/3
   165 | D:1      | Reached skill level 1 in Armour
   452 | D:1      | Reached XP level 2. HP: 21/24 MP: 4/4
   461 | D:1      | Reached skill level 2 in Fighting
   587 | D:1      | Reached XP level 3. HP: 24/30 MP: 5/5
  1095 | D:2      | Reached skill level 3 in Fighting
  1773 | D:2      | Reached XP level 4. HP: 38/38 MP: 6/6
  2118 | D:3      | Found a transporter.
  2139 | D:3      | Found a transporter.
  2568 | D:2      | Found a glowing golden altar of the Shining One.
  2627 | D:3      | Reached skill level 4 in Fighting
  2673 | D:3      | Reached skill level 3 in Armour
  2884 | D:4      | Noticed sagitran's ghost (amateur DsAK)
  2912 | D:4      | Reached XP level 5. HP: 36/46 MP: 7/7
  3494 | D:3      | Reached skill level 5 in Fighting
  3494 | D:3      | Reached XP level 6. HP: 23/56 MP: 8/8
  4315 | D:4      | Noticed an ice beast
  4324 | D:4      | Killed an ice beast
  4456 | D:4      | Slain by an orc

Vault maps used:
D:1:      onia_arrival_mini_maze_b
D:2:      lemuel_upstairs_altar, first_bread, minmay_small_reverse_x
D:3:      gammafunk_steamed_eel
D:4:      nemelex_xobeh_ov_fountains_minmay

Skill      XL: |  1  2  3  4  5 |
---------------+----------------+-----
Armour         | 1 2 3 4 |  4.7
Fighting       | 2 3 4 5 |  5.7
Short Blades   | |  1.0
Dodging        | |  1.5
Stealth        | |  0.7
Evocations     | |  3.0

Action                   |  1- 3 |  4- 6 || total
-------------------------+-------+-------++-------
Melee: Short sword       |   135 |   240 ||   375
Evoke: Wand              |     7 |    15 ||    22
 Stab: Sleeping          |     1 |       ||     1
  Eat: Chunk             |     2 |     9 ||    11
Armor: Ring mail         |    70 |    42 ||   112
       Leather armour    |     1 |       ||     1
       Chain mail        |       |    92 ||    92
Dodge: Dodged            |    78 |   100 ||   178
